 Dungeon Crawl Stone Soup version 0.29.1-12-g30fa7ad0bf (webtiles) character file.

Game seed: 17960457574744191458

24962 LustLizard the Grappler (level 12, -3/123 HPs)
             Began as a Troll Fighter on Dec 21, 2022.
             Was a High Priest of Wu Jian.
             Slain by a reaper
             ... wielding a +2 scythe of freezing
              (42 damage)
             ... in an ice cave.
             The game lasted 00:31:45 (13970 turns).

LustLizard the Grappler (Troll Fighter)            Turns: 13970, Time: 00:31:46

Health: -3/123     AC:  6    Str: 27    XL:     12   Next: 85%
Magic:  11/11      EV:  7    Int:  8    God:    Wu Jian [*****.]
Gold:   735        SH: 10    Dex:  9    Spells: 11/11 levels left

rFire   . . .      SeeInvis .     - Unarmed
rCold   + + +      Faith    .   z - +0 kite shield {rC+}
rNeg    + . .      Spirit   .   g - +1 robe {rC+}
rPois   .          Reflect  .   (helmet restricted)
rElec   .          Harm     .   P - +0 cloak
rCorr   .          Rampage  .   (gloves unavailable)
Will    .....                   (boots unavailable)
Stlth   +.........              I - amulet of regeneration
HPRegen 1.90/turn               i - ring of positive energy
MPRegen 0.12/turn               m - ring of protection from cold

@: constricted, serpent's lash
A: large, unfitting armour, claws 3, regeneration 1, shaggy fur 1, tough skin 1
a: Renounce Religion, Wall Jump, Serpent's Lash, Heavenly Storm


You were in an ice cave.
You worshipped Wu Jian.
Wu Jian was extremely pleased with you.
You visited 4 branches of the dungeon, and saw 18 of its levels.
You also visited: Ice Cave.

You collected 930 gold pieces.
You spent 195 gold pieces at shops.

Inventory:

Hand Weapons
 E - the +3 whip "Xigeisy" {vorpal, rF+ Int+7}
   (You found it on level 5 of the Dungeon)

   It inflicts extra damage upon your enemies.
   Int:       It affects your intelligence (+7).
   rF:        It protects you from fire.
 L - the +3 trident of Fezy {vorpal, rN++ Int+4}
   (You found it on level 7 of the Dungeon)

   It inflicts extra damage upon your enemies.
   Int:       It affects your intelligence (+4).
   rN:        It greatly protects you from negative energy.
 O - the +8 hammer "Waor" {vamp, Fly rElec rF- rC+}
   (You found it on level 7 of the Dungeon)

   It occasionally heals its wielder for a portion of the damage dealt when it
   wounds a living foe.
   rF:        It makes you vulnerable to fire.
   rC:        It protects you from cold.
   rElec:     It insulates you from electricity.
   Fly:       It grants you flight.
Missiles
 k - 2 atropa-tipped darts
 B - 8 poisoned darts
 C - 2 throwing nets (quivered)
Armour
 a - a +0 troll leather armour
 g - a +1 robe of cold resistance (worn)
 z - a +0 kite shield of cold resistance (worn)
 P - a +0 cloak (worn)
 S - a +2 kite shield
 W - a +2 robe of willpower
Jewellery
 d - an amulet of the acrobat
 i - a ring of positive energy (left claw)
 m - a ring of protection from cold (right claw)
 A - an amulet of reflection
 I - an amulet of regeneration (around neck)
Wands
 j - a wand of charming (5)
 u - a wand of polymorph (7)
 Q - a wand of roots (24)
 U - a wand of mindburst (12)
 V - a wand of flame (33)
 Y - a wand of quicksilver (5)
Scrolls
 b - a scroll of noise
 e - a scroll of torment
 h - 7 scrolls of teleportation
 l - a scroll of poison {unknown}
 o - 5 scrolls of magic mapping
 p - 4 scrolls of silence
 v - 2 scrolls of amnesia {unknown}
 y - 2 scrolls of immolation {unknown}
 D - 2 scrolls of brand weapon
 F - 3 scrolls of enchant weapon {unknown}
 G - 2 scrolls of fear
 J - 2 scrolls of fog
 K - 2 scrolls of enchant armour {unknown}
 T - 2 scrolls of blinking {unknown}
Potions
 c - 3 potions of might
 f - 4 potions of attraction
 n - 2 potions of berserk rage
 q - 8 potions of curing
 r - 3 potions of cancellation
 s - 3 potions of flight
 t - 3 potions of magic
 w - 2 potions of brilliance
 x - 3 potions of invisibility
 H - 2 potions of heal wounds
 M - 4 potions of mutation
 N - a potion of haste
Miscellaneous
 X - a condenser vane


   Skills:
 + Level 9.1 Fighting
 + Level 7.3 Dodging
 + Level 9.9 Shields
 * Level 14.5 Unarmed Combat


You had 11 spell levels left.
You didn't know any spells.
Your spell library contained the following spells:

 Spells                   Type           Power      Damage    Failure   Level
 Magic Dart               Conj           0%         1d3       63%         1
 Shock                    Conj/Air       0%         1d3       63%         1
 Slow                     Hex            0%         N/A       63%         1
 Call Imp                 Summ           0%         N/A       77%         2
 Searing Ray              Conj           0%         2d4       77%         2
 Confusing Touch          Hex            0%         N/A       94%         3
 Frozen Ramparts          Ice            0%         1d1       94%         3
 Ignite Poison            Fire/Tmut/Pois 0%         N/A       94%         3
 Mephitic Cloud           Conj/Pois/Air  0%         N/A       94%         3
 Swiftness                Air            0%         N/A       94%         3
 Vampiric Draining        Necr           0%         2d6       94%         3
 Airstrike                Air            0%         2d(0-16)  100%        4
 Animate Dead             Necr           0%         N/A       100%        4
 Fulminant Prism          Conj/Hex       0%         3d6       100%        4
 Ice Form                 Ice/Tmut       0%         N/A       100%        4
 Iskenderun's Mystic Bla  Conj/Tloc      0%         2d3       100%        4
 Passage of Golubria      Tloc           0%         N/A       100%        4
 Summon Ice Beast         Ice/Summ       0%         N/A       100%        4
 Summon Lightning Spire   Summ/Air       0%         N/A       100%        4
 Borgnjor's Vile Clutch   Necr/Erth      0%         N/A       100%        5
 Freezing Cloud           Conj/Ice/Air   0%         6-21      100%        5
 Lee's Rapid Deconstruct  Erth           0%         3d5*      100%        5
 Lightning Bolt           Conj/Air       0%         1d11      100%        5
 Silence                  Hex/Air        0%         N/A       100%        5
 Summon Forest            Summ/Tloc      0%         N/A       100%        5
 Death Channel            Necr           0%         N/A       100%        6
 Eringya's Noxious Bog    Tmut/Pois      0%         N/A       100%        6
 Summon Hydra             Summ           0%         N/A       100%        7
 Lehudib's Crystal Spear  Conj/Erth      0%         10d2      100%        8


Dungeon Overview and Level Annotations

Branches:
Dungeon (12/15)            Temple (1/1) D:4            Lair (3/5) D:11
 Shoals (0/4) Lair:2        Snake (0/4) Lair:2          Orc (2/2) D:11
    Elf (0/3) Orc:2         IceCv (1/1)

Altars:
Ashenzari
Cheibriados
Dithmenos
Elyvilon
Fedhas
Gozag
Hepliaklqana
Kikubaaqudgha
Makhleb
Nemelex Xobeh
Okawaru
Qazlal
Ru
Sif Muna
Trog
Uskayaw
Vehumet
Wu Jian
Xom
Yredelemnul
Zin
The Shining One

Shops:
D:4 (   D:6 *   D:7 *   D:11 [

Annotations:
D:5 1 exclusion
D:6 3 runed translucent doors, SirLogeyBear's ghost, novice HOBe
D:12 Urug
Temple 4 transporters


Innate Abilities, Weirdness & Mutations

You are too large for most types of armour.
You have claws for hands.
Your natural rate of healing is unusually fast.
You are covered in fur. (AC +1)
You have tough skin. (AC +1)


Message History

You hold your ground!
The elephant simulacrum barely misses you.
You scratch the elephant simulacrum.
The elephant simulacrum is almost destroyed.
The reaper hits you from afar with a +2 scythe of freezing!!
You block the elephant simulacrum's attack.
The elephant simulacrum trunk-slaps you.
The elephant simulacrum freezes you. You resist.
You mangle the elephant simulacrum!!
The elephant simulacrum vaporises!
The Council accepts your kill. You block the reaper's attack.
You mangle the spriggan simulacrum!!
The spriggan simulacrum is almost destroyed.
The spriggan simulacrum hits you! The spriggan simulacrum freezes you.
You resist.
The reaper hits you from afar with a +2 scythe of freezing!
The reaper freezes you.
The heavenly storm settles.
Your muscles tense, ready for explosive movement...
Okay, then.
You lunge with incredible momentum at the reaper.
You claw the reaper!
The reaper is lightly wounded.
You completely miss the reaper.
The reaper is lightly wounded.
You mangle the reaper!!
The reaper is heavily wounded.
You block the reaper's attack.
You scratch the reaper.
The reaper is heavily wounded.
The reaper hits you with a +2 scythe of freezing!!
The reaper freezes you.
You barely miss the reaper.
The reaper is heavily wounded.
The anaconda simulacrum grabs you. The anaconda simulacrum bites you!
The anaconda simulacrum freezes you. You resist.
The anaconda simulacrum constricts you.
The reaper hits you with a +2 scythe of freezing!!!
You die...

.### #.§... #Z2...# ...##.....
##...Z# ##....# ##.4Z# #..###
##..# ###.#########Z☼##
#####..##≈≈≈###Z####
.##...##≈≈≈≈≈≈#ZZ.§### ###
.###..#≈≈≈≈≈≈≈○#2##..#####.###
##..###≈≈≈≈≈≈≈○Z@☼#.#..##.#..###
..### #≈≈≈≈≈≈≈##☼######..####..#
### #≈≈≈≈≈≈≈### ####### #..###
### ##~~≈≈≈≈≈####...### ##...#
##.#####~~~######....#...###[.⌠..
...#.##~~##..##.....####..###...#
....#.~######......## ##......##
######## ######## ########


You could see a reaper, an anaconda simulacrum, a dire elephant simulacrum, a
polar bear simulacrum and a spriggan simulacrum.

Vanquished Creatures
  Josephine (D:10)
  Fannar (Lair:2)
  Erolcha (Orc:2)
  A hydra (Lair:2)
  A two-headed ogre (D:10)
  An orc knight (Orc:2)
  An ugly thing (D:12)
  A cyclops (D:12)
  An orc sorcerer (Orc:2)
  An elephant (Lair:1)
  A manticore (D:12)
  An ice statue (IceCv)
  A black mamba (Lair:2)
  4 cane toads
  A freezing wraith (IceCv)
  A gargoyle (D:12)
  An ice devil (IceCv)
  4 komodo dragons
  A troll (D:11)
  A vampire (D:11)
  28 yaks
  7 wyverns
  7 wraiths
  5 humans (D:6)
  5 basilisks
  A steam dragon (D:9)
  2 vampire mosquitoes (D:12)
  A death yak simulacrum (IceCv)
  3 nagas (Lair:2)
  A water moccasin (Lair:1)
  A swamp drake (D:11)
  8 orc warriors
  2 black bears
  3 sky beasts
  4 ice beasts
  2 ogres
  3 wolves (Lair:1)
  A phantom (D:4)
  8 centaurs
  2 kobold brigands (D:5)
  8 bullfrogs
  4 two-headed ogre simulacra (IceCv)
  4 gnoll sergeants
  2 scorpions
  4 cane toad simulacra (IceCv)
  8 wights
  12 killer bees
  3 elephant simulacra (IceCv)
  7 howler monkeys
  4 crimson imps (D:11)
  5 orc priests
  A hound (D:6)
  A jelly (D:4)
  Crazy Yiuf (D:7)
  4 iguanas
  Terence (D:2)
  Natasha (thrice) (D:2)
  3 spriggan simulacra (IceCv)
  9 orc wizards
  A polar bear simulacrum (IceCv)
  12 troll simulacra (IceCv)
  3 wolf simulacra (IceCv)
  16 gnolls
  5 adders
  3 naga simulacra (IceCv)
  5 white imps
  6 ufetubi (IceCv)
  2 dart slugs (D:2)
  57 orcs
  3 endoplasms
  A giant cockroach (D:2)
  5 goblins
  7 hobgoblins
  4 jackals (D:5)
  16 kobolds
  4 ball pythons
  6 bats
  2 frilled lizards
362 creatures vanquished.

Vanquished Creatures (others)
  A manticore (D:11)
  A quokka (D:9)
  A fungus (Lair:2)
  3 plants
6 creatures vanquished.

Grand Total: 368 creatures vanquished

Notes
Turn   | Place    | Note
-------+----------+-------------------------------------------
     0 | D:1      | LustLizard the Troll Fighter began the quest for the Orb.
     0 | D:1      | Reached XP level 1. HP: 22/22 MP: 0/0
   300 | D:1      | Reached XP level 2. HP: 29/29 MP: 1/1
   949 | D:2      | Noticed Natasha
   955 | D:2      | Killed Natasha
   956 | D:2      | Reached skill level 3 in Unarmed Combat
   956 | D:2      | Reached XP level 3. HP: 29/36 MP: 2/2
  1146 | D:2      | Noticed Natasha
  1153 | D:2      | Killed Natasha
  1154 | D:2      | Reached XP level 4. HP: 31/44 MP: 3/3
  1322 | D:2      | Noticed Terence
  1331 | D:2      | Killed Terence
  1851 | D:2      | Noticed Natasha
  1856 | D:2      | Killed Natasha
  2298 | D:3      | Reached XP level 5. HP: 53/53 MP: 4/4
  2310 | D:3      | Reached skill level 4 in Unarmed Combat
  2525 | D:3      | Found a faded altar of an unknown god.
  2722 | D:4      | Found a sparkling altar of Nemelex Xobeh.
  2723 | D:4      | Found a snail-covered altar of Cheibriados.
  2735 | D:4      | Found a glowing golden altar of the Shining One.
  2738 | D:4      | Found a broken altar of Ashenzari.
  2738 | D:4      | Noticed an ogre
  2745 | D:4      | Killed an ogre
  2746 | D:4      | Reached XP level 6. HP: 25/61 MP: 5/5
  2786 | D:4      | Found a hide-covered altar of Uskayaw.
  2790 | D:4      | Found an iron altar of Okawaru.
  2801 | D:4      | Found a staircase to the Ecumenical Temple.
  2820 | Temple   | Entered the Ecumenical Temple
  2820 | Temple   | Found a transporter.
  2820 | Temple   | Found a transporter.
  2822 | Temple   | Found a transporter.
  2822 | Temple   | Found a transporter.
  2840 | Temple   | Became a worshipper of the Wu Jian Council
  2968 | D:4      | Reached skill level 5 in Unarmed Combat
  3524 | D:4      | Found Tapestro's Antique Weapon Shoppe.
  3661 | D:5      | Entered Level 5 of the Dungeon
  3723 | D:5      | Reached XP level 7. HP: 68/68 MP: 6/6
  3878 | D:5      | Reached * piety under Wu Jian
  3912 | D:5      | Reached skill level 6 in Unarmed Combat
  4056 | D:5      | Found an ancient bone altar of Kikubaaqudgha.
  4254 | D:5      | Identified the +3 whip "Xigeisy" {vorpal, rF+ Int+7}
  4599 | D:6      | Reached skill level 5 in Shields
  4599 | D:6      | Reached XP level 8. HP: 68/79 MP: 7/7
  4668 | D:6      | Reached skill level 7 in Unarmed Combat
  4689 | D:6      | Reached skill level 5 in Fighting
  4694 | D:6      | Reached ** piety under Wu Jian
  4713 | D:6      | Reached skill level 8 in Unarmed Combat
  4858 | D:6      | Found a runed translucent gate.
  4858 | D:6      | Noticed SirLogeyBear's ghost (novice HOBe)
  4859 | D:6      | Found a runed translucent gate.
  4860 | D:6      | Found a runed translucent gate.
  4861 | D:6      | Identified the +9 plate armour of the Distant Future {Harm
                  | rN+++ Int+3 Dex-4}
  4927 | D:6      | Found Qiss's General Store.
  4936 | D:6      | Bought a scroll of fear for 44 gold pieces
  4936 | D:6      | Bought a scroll of fog for 44 gold pieces
  5140 | D:6      | You fall into a shaft and drop 3 floors!
  5163 | D:7      | Identified the +3 trident of Fezy {vorpal, rN++ Int+4}
  5469 | D:7      | Reached XP level 9. HP: 79/82 MP: 8/8
  5683 | D:7      | Found Asyt's Assorted Antiques.
  5688 | D:7      | Bought an orange potion for 26 gold pieces
  5688 | D:7      | Bought a scroll labelled WEOGYFA MESI for 29 gold pieces
  5688 | D:7      | Bought a purple potion for 26 gold pieces
  5688 | D:7      | Bought a sedimented pink potion for 26 gold pieces
  5859 | D:7      | Reached skill level 9 in Unarmed Combat
  6134 | D:7      | Identified the +8 hammer "Waor" {vamp, Fly rElec rF- rC+}
  6136 | D:7      | Found a runed translucent door.
  6137 | D:7      | Noticed Crazy Yiuf
  6142 | D:7      | Killed Crazy Yiuf
  6293 | D:7      | Found a burning altar of Makhleb.
  6293 | D:7      | Noticed a cacodemon
  6329 | D:8      | Found a basalt altar of Yredelemnul.
  6333 | D:8      | Noticed a two-headed ogre
  6757 | D:8      | Reached *** piety under Wu Jian
  7216 | D:9      | Reached skill level 10 in Unarmed Combat
  7227 | D:9      | Found a white marble altar of Elyvilon.
  7401 | D:9      | Reached XP level 10. HP: 85/100 MP: 9/9
  8065 | D:9      | Reached skill level 11 in Unarmed Combat
  8177 | D:10     | Entered Level 10 of the Dungeon
  8422 | D:10     | Found a bloodstained altar of Trog.
  8510 | D:10     | Noticed Josephine
  8510 | D:10     | Noticed a two-headed ogre
  8944 | D:10     | Killed Josephine
  8953 | D:10     | Reached **** piety under Wu Jian
  8960 | D:10     | Reached skill level 5 in Dodging
  8966 | D:10     | Reached XP level 11. HP: 63/109 MP: 10/10
  9106 | D:10     | Killed a two-headed ogre
  9143 | D:11     | Found a staircase to the Orcish Mines.
  9328 | D:11     | Found Luduir's Armour Emporium.
  9379 | D:11     | Reached skill level 12 in Unarmed Combat
  9468 | D:11     | Found a shimmering altar of Xom.
 10211 | D:11     | Found a staircase to the Lair.
 10469 | D:12     | Noticed Urug
 10627 | D:12     | Noticed a white ugly thing
 10645 | D:12     | Killed a white ugly thing
 11053 | Lair:1   | Entered Level 1 of the Lair of Beasts
 11250 | Lair:1   | Reached skill level 13 in Unarmed Combat
 11641 | Lair:1   | Reached XP level 12. HP: 106/120 MP: 11/11
 11648 | Lair:1   | Reached ***** piety under Wu Jian
 11938 | Lair:2   | Noticed a seven-headed hydra
 11950 | Lair:2   | Killed a seven-headed hydra
 12127 | Lair:2   | Found a staircase to the Snake Pit.
 12185 | Lair:2   | Noticed Fannar
 12286 | Lair:2   | Identified the +4 flail "Zaiteezo" {flame, Dex+7}
 12288 | Lair:2   | Found a staircase to the Shoals.
 12495 | Lair:2   | Killed Fannar
 12981 | Lair:3   | Noticed an eight-headed hydra
 13192 | Orc:1    | Entered Level 1 of the Orcish Mines
 13200 | D:11     | Reached skill level 14 in Unarmed Combat
 13277 | Orc:2    | Entered Level 2 of the Orcish Mines
 13287 | Orc:2    | Noticed Erolcha
 13307 | Orc:2    | Killed Erolcha
 13450 | Orc:2    | Found a frozen archway.
 13467 | IceCv    | Entered an ice cave
 13945 | IceCv    | Noticed a reaper
 13970 | IceCv    | Slain by a reaper

Illustrated notes

Levels and vault maps discovered:
D:1:      eino_arrival_cavern_a, layout_basic
D:2:      layout_loops_corners, chequers_serial_rivers_micro_d, uniq_terence,
          uniq_natasha
D:3:      layout_basic, shapermc_ecumenical_altar_pompeii, serial_bayou_ford_a
D:4:      layout_layer_cave, nicolae_overflow_hallway_of_the_gods,
          minmay_temple_entry_offerings, serial_shops,
          nicolae_shop_overgrown_old_shop
D:5:      cheibrodos_thug_alley, layout_rooms, mainiacjoe_overflow_catwalk,
          minmay_misc_feat_rows
D:6:      layout_loops_ring, serial_shops, nicolae_shop_crystal,
          biasface_ghost_orc_armoury, amcnicky_mini_corridor_feature,
          minmay_ruffians
D:7:      layout_loops_cross, makhleb_altar_promises_db, serial_shops, shop,
          nicolae_underground_beach, uniq_crazy_yiuf_cottage
D:8:      layout_basic, lemuel_crystal_altar
D:9:      layout_loops_corners, elyvilon_altar_4
D:10:     layout_cave_pools, trog_book, uniq_josephine
D:11:     layout_cave_pods, erik_lair_dragon, david_orc_2, serial_shops,
          nicolae_diamond_shop, led_xom_imps
D:12:     layout_roguey, uniq_urug
Temple:   hellmonk_temple_divided_pantheon
Lair:1:   layout_hall_layers, wad_woods_river_01
Lair:2:   layout_hall_layers, shoals_dummy_entry,
          minmay_snake_entry_guardpost_small, grunt_megastairs_3, uniq_fannar
Lair:3:   layout_gridlike, uniq_nessos
Orc:1:    layout_diamond_mine
Orc:2:    kennysheep_orc_mage_school, layout_caves, serial_shops,
          nicolae_shop_trees, portal_ice_cave_entry_pillars_2, uniq_erolcha
IceCv:    ice_cave_caverns_02

Skill      XL: |  1  2  3  4  5  6  7  8  9 10 11 12 |
---------------+-------------------------------------+-----
Shields        | 3 4 5 6 7 9 |  9.9
Unarmed Combat | 3 4 5 6 8 10 11 13 14 | 14.5
Fighting       | 3 4 5 6 7 8 9 |  9.1
Dodging        | 3 5 6 7 |  7.3

Action                   |  1- 3 |  4- 6 |  7- 9 | 10-12 || total
-------------------------+-------+-------+-------+-------++-------
Melee: Unarmed           |    48 |   100 |   384 |   763 ||  1295
Throw: Dart              |       |       |       |     3 ||     3
       Throwing net      |       |       |       |     1 ||     1
Invok: Lunge             |       |     2 |    29 |    40 ||    71
       Whirlwind         |       |       |     8 |    36 ||    44
       Serpent's Lash    |       |       |       |     1 ||     1
       Heavenly Storm    |       |       |       |     1 ||     1
Evoke: Wand              |       |       |       |     3 ||     3
  Use: Scroll            |       |     2 |     5 |    14 ||    21
       Potion            |       |       |       |     3 ||     3
 Stab: Held in net/web   |       |       |       |     1 ||     1
Armor: Robe              |     8 |     9 |    70 |   125 ||   212
       Skin              |       |       |       |    18 ||    18
Dodge: Dodged            |    23 |    29 |   104 |   211 ||   367
Block: Kite shield       |    11 |    23 |   133 |   366 ||   533
